Condors vs Penguins
Created - April 9, 2022 at 09:01
Goals
|
Condors |
1 |
2 |
2 |
5 |
Penguins |
0 |
2 |
1 |
3 |
|
Shots
|
Condors |
8 |
14 |
14 |
36 |
Penguins |
10 |
14 |
11 |
35 |
|
1st period
1. Condors , Christian Thomas 7 (Connor Hurley 1, Kiefer Sherwood 11) at 10:55
Penalties :
Andy Andreoff (Wil) for Charging (Minor) at 11:20, Jesse Puljujarvi (Bak) for Roughing (Minor) at 16:02, Jesse Puljujarvi (Bak) for Cross-checking (Minor) at 19:20, Frederick Gaudreau (Wil) for Roughing (Minor) at 19:52
2nd period
2. Penguins , William Nylander 33 (Cedric Paquette 39, Andrew O'Brien 20) at 0:11
3. Condors , Kiefer Sherwood 12 (Christian Thomas 5) at 7:13
4. Penguins , Iven Barbashev 10 (Christopher Tanev 8) at 18:25
5. Condors , Robby Fabbri 17 (Mark Jankowski 19) at 19:50 (PP)
Penalties :
Alexandre Carrier (Bak) for Boarding (Minor) at 9:17, Robby Fabbri (Bak) for Hooking (Minor) at 14:13, Iven Barbashev (Wil) for High sticking (Minor) at 19:15
3rd period
6. Penguins , Andy Andreoff 18 (Danny Biega 13, Vince Hinostroza 33) at 9:57
7. Condors , Adam Erne 22 (Zac Leslie 24, Louis Leblanc 11) at 17:48
8. Condors , Adam Erne 23 (Tyson Jost 4) at 17:54
Penalties :
Josh Jooris (Wil) for Hooking (Minor) at 0:03, Anton Slepyshev (Bak) for Hooking (Minor) at 2:52, Carl Gunnarsson (Bak) for Interference (Minor) at 11:08
Goalie Stats
Carter Hart (Bak), 32 saves from 35 shots - (0.914), W, 22-14-0, 60:00 minutes
Connor Hellebyuk (Wil), 31 saves from 36 shots - (0.861), L, 19-18-1, 60:00 minutes
Players Stats for Condors
Player Name G A P +/- PIM S H SB GA TA FO MP PP MP PK MP
------------------------------------------------------------------------------------
Adam Erne 2 0 2 2 0 6 0 0 0 0 0/1 13:25 2:23 0:00
Alexandre Carrier 0 0 0 0 2 0 2 1 0 0 0/0 9:42 0:00 0:44
Anton Slepyshev 0 0 0 -2 2 1 2 0 1 0 1/1 19:50 2:42 4:26
Brett Lernout 0 0 0 0 0 0 0 0 0 1 0/0 8:23 0:00 0:00
Carl Gunnarsson 0 0 0 1 2 2 1 1 0 3 0/0 26:22 3:04 4:57
Chris Bigras 0 0 0 0 0 1 1 1 1 1 0/0 20:46 2:01 4:14
Christian Thomas 1 1 2 2 0 4 0 0 1 0 0/1 10:06 0:00 2:58
Connor Hurley 0 1 1 2 0 1 1 0 0 1 1/3 9:17 0:00 2:07
Daniel Zaar 0 0 0 -1 0 5 2 0 1 0 1/1 15:52 2:42 0:00
Gustav Olofsson 0 0 0 0 0 0 1 0 0 0 0/0 3:58 0:00 0:32
Jesse Puljujarvi 0 0 0 -1 4 0 2 0 0 1 0/0 11:31 0:00 0:00
Kiefer Sherwood 1 1 2 2 0 1 1 0 0 0 0/0 6:24 0:00 0:00
Louis Leblanc 0 1 1 2 0 7 0 0 1 0 7/8 11:12 0:00 0:00
Mark Jankowski 0 1 1 -1 0 1 1 0 0 0 12/20 18:16 2:23 2:28
Philippe Myers 0 0 0 0 0 0 0 0 0 0 0/0 3:26 0:00 0:00
Robby Fabbri 1 0 1 -1 2 3 1 1 0 1 2/3 18:53 2:23 3:06
Scott Mayfield 0 0 0 0 0 0 0 0 0 1 0/0 20:46 2:01 4:14
Tyler Bozak 0 0 0 -2 0 2 2 0 0 0 9/20 20:33 2:42 5:10
Tyson Jost 0 1 1 2 0 0 0 0 0 0 1/1 11:53 0:00 0:39
Zac Leslie 0 1 1 1 0 2 1 3 0 2 0/0 27:25 3:04 6:13
Players Stats for Penguins
Player Name G A P +/- PIM S H SB GA TA FO MP PP MP PK MP
------------------------------------------------------------------------------------
Adam Brooks 0 0 0 0 0 0 0 0 0 0 2/5 11:55 0:00 0:00
Andrew O'Brien 0 1 1 -1 0 3 0 5 0 1 0/0 27:41 6:41 3:01
Andy Andreoff 1 0 1 1 2 5 3 0 0 1 0/0 17:44 4:35 1:57
Anthony Beauvillier 0 0 0 -1 0 1 0 0 1 0 0/1 7:21 0:01 0:00
Cedric Paquette 0 1 1 -1 0 0 5 2 1 0 14/35 22:27 5:37 2:41
Christopher Tanev 0 1 1 -1 0 1 1 2 1 1 0/0 27:41 6:41 3:01
Dakota Mermis 0 0 0 0 0 0 0 1 2 1 0/0 20:40 3:46 2:04
Danny Biega 0 1 1 0 0 2 2 0 0 0 0/0 20:40 3:46 2:04
Denis Malgin 0 0 0 -1 0 2 0 0 0 0 1/3 8:55 0:14 1:17
Frederick Gaudreau 0 0 0 -1 2 2 2 0 0 0 4/7 17:51 4:35 1:07
Gavin Bayreuther 0 0 0 0 0 0 1 0 0 0 0/0 11:39 0:00 0:00
Iven Barbashev 1 0 1 0 2 5 0 1 1 1 0/0 12:39 0:00 0:00
John Marino 0 0 0 0 0 0 1 1 0 0 0/0 11:39 0:00 0:00
Josh Jooris 0 0 0 -2 2 3 2 0 2 0 1/5 18:53 5:51 0:00
Juuso Ikonen 0 0 0 -1 0 1 1 1 1 0 1/1 8:58 0:15 1:32
Kyle Connor 0 0 0 0 0 3 1 2 1 0 0/0 12:30 0:00 0:28
Vince Hinostroza 0 1 1 1 0 6 2 1 0 0 1/1 14:52 4:35 0:00
William Nylander 1 0 1 1 0 1 1 3 1 0 1/1 19:19 5:37 1:08
3 Stars
1 - Adam Erne (Bak)
2 - Kiefer Sherwood (Bak)
3 - Christian Thomas (Bak)
Power Play
Condors - 1 on 4 Attempt(s) - 25.00%
Penguins - 0 on 6 Attempt(s) - 0.00%
Penalty Kill
Condors - 6 on 6 Attempt(s) - 100.00%
- Score 0 goal in Penalty Kill
Penguins - 3 on 4 Attempt(s) - 75.00%
- Score 0 goal in Penalty Kill
Team Stat
Condors - Hits : 18 - Faceoff Wins : 34 - Blocked Shots : 7 - Penalty Minutes : 12
Penguins - Hits : 22 - Faceoff Wins : 25 - Blocked Shots : 19 - Penalty Minutes : 8
Official
Referees : Brian Pochmara and Chris Schlenker
Linesman : Trent Knorr and Tony Sericolo
Game Notes
13:48 of 2nd period - Condors goal is going for a video replay. After video review, No Goal. The referee deems the play has been stopped, even if he had not physically had the opportunity to stop play by blowing his whistle.
William Nylander is injured at 17:36 of 3rd period (Right Knee)
Finance
Level 1 -- Attendance: 1910 (95.50%) -- Ticket Income $66,850
Level 2 -- Attendance: 873 (87.30%) -- Ticket Income $13,095
Total Attendance: 2783 (92.77%)
Total Ticket Income: $79,945
Other Income: $3,997
Total Income: $83,942
Condors
5 vs 5 Forward
Center Left Wing Right Wing Time % Phy DF OF
1 Mark Jankowski Robby Fabbri Daniel Zaar 40 1 2 2
2 Tyler Bozak Anton Slepyshev Jesse Puljujarvi 30 1 2 2
3 Louis Leblanc Tyson Jost Adam Erne 20 1 2 2
4 Connor Hurley Christian Thomas Kiefer Sherwood 10 1 2 2
5 vs 5 Defense
Defense Defense Time % Phy DF OF
1 Carl Gunnarsson Zac Leslie 40 1 2 2
2 Chris Bigras Scott Mayfield 30 1 2 2
3 Brett Lernout Alexandre Carrier 20 1 2 2
4 Gustav Olofsson Philippe Myers 10 1 2 2
PowerPlay Forward
Center Left Wing Right Wing Time % Phy DF OF
1 Tyler Bozak Anton Slepyshev Daniel Zaar 60 1 2 2
2 Mark Jankowski Robby Fabbri Adam Erne 40 1 2 2
PowerPlay Defense
Defense Defense Time % Phy DF OF
1 Carl Gunnarsson Zac Leslie 60 1 2 2
2 Chris Bigras Scott Mayfield 40 1 2 2
Penalty Kill 4 Players Forward
Center Wing Time % Phy DF OF
1 Tyler Bozak Anton Slepyshev 60 1 2 2
2 Mark Jankowski Robby Fabbri 40 1 2 2
Penalty Kill 4 Players Defense
Defense Defense Time % Phy DF OF
1 Carl Gunnarsson Zac Leslie 60 1 2 2
2 Chris Bigras Scott Mayfield 40 1 2 2
Penalty Kill - 3 Players Forward
Forward Time % Phy DF OF
1 Tyler Bozak 60 1 2 2
2 Mark Jankowski 40 1 2 2
Penalty Kill - 3 Players Defense
Defense Defense Time % Phy DF OF
1 Carl Gunnarsson Zac Leslie 60 1 2 2
2 Chris Bigras Scott Mayfield 40 1 2 2
4 vs 4 Forward
Center Wing Time % Phy DF OF
1 Tyler Bozak Anton Slepyshev 60 1 2 2
2 Mark Jankowski Robby Fabbri 40 1 2 2
4 vs 4 Defense
Defense Defense Time % Phy DF OF
1 Carl Gunnarsson Zac Leslie 60 1 2 2
2 Chris Bigras Scott Mayfield 40 1 2 2
Last Minutes Offensive
Center Left Wing Right Wing Defense Defense
Tyler Bozak Anton Slepyshev Daniel Zaar Carl Gunnarsson Zac Leslie
Last Minutes Defensive
Center Left Wing Right Wing Defense Defense
Tyler Bozak Anton Slepyshev Daniel Zaar Carl Gunnarsson Zac Leslie
Goaltenders
Starting : Carter Hart
Backup : Mark Visentin
Extra Forwards
Normal : Robby Fabbri, Louis Leblanc, Tyson Jost - PP : Robby Fabbri, Louis Leblanc - PK : Robby Fabbri
Extra Defensemen
Normal : Alexandre Carrier, Gustav Olofsson, Philippe Myers - PP : Alexandre Carrier - PK : Alexandre Carrier, Gustav Olofsson
Penalty Shots
Tyler Bozak, Anton Slepyshev, Mark Jankowski, Daniel Zaar, Robby Fabbri
Scratches
Anders Bjork (Healthy), Cole Cassels (Healthy), Colin White (Healthy), Emil Djuse (Healthy), Jeremy Gregoire (Healthy)
Jordan Subban (Healthy), Nick Merkley (Healthy), Remi Elie (Healthy), Nikolai Knyzhov (Healthy), Lucas Johansen (Healthy)
Jack Campbell (Healthy)
Penguins
5 vs 5 Forward
Center Left Wing Right Wing Time % Phy DF OF
1 Cedric Paquette William Nylander Josh Jooris 40 1 2 2
2 Frederick Gaudreau Andy Andreoff Vince Hinostroza 30 1 2 2
3 Adam Brooks Kyle Connor Iven Barbashev 20 1 2 2
4 Denis Malgin Juuso Ikonen Anthony Beauvillier 10 1 2 2
5 vs 5 Defense
Defense Defense Time % Phy DF OF
1 Christopher Tanev Andrew O'Brien 40 1 2 2
2 Dakota Mermis Danny Biega 30 1 2 2
3 Gavin Bayreuther John Marino 20 1 2 2
4 Christopher Tanev Andrew O'Brien 10 1 2 2
PowerPlay Forward
Center Left Wing Right Wing Time % Phy DF OF
1 Cedric Paquette William Nylander Josh Jooris 60 1 2 2
2 Frederick Gaudreau Andy Andreoff Vince Hinostroza 40 1 2 2
PowerPlay Defense
Defense Defense Time % Phy DF OF
1 Christopher Tanev Andrew O'Brien 60 1 2 2
2 Dakota Mermis Danny Biega 40 1 2 2
Penalty Kill 4 Players Forward
Center Wing Time % Phy DF OF
1 Cedric Paquette Andy Andreoff 60 1 2 2
2 Frederick Gaudreau William Nylander 40 1 2 2
Penalty Kill 4 Players Defense
Defense Defense Time % Phy DF OF
1 Christopher Tanev Andrew O'Brien 60 1 2 2
2 Dakota Mermis Danny Biega 40 1 2 2
Penalty Kill - 3 Players Forward
Forward Time % Phy DF OF
1 Cedric Paquette 60 1 2 2
2 Frederick Gaudreau 40 1 2 2
Penalty Kill - 3 Players Defense
Defense Defense Time % Phy DF OF
1 Christopher Tanev Andrew O'Brien 60 1 2 2
2 Dakota Mermis Danny Biega 40 1 2 2
4 vs 4 Forward
Center Wing Time % Phy DF OF
1 Cedric Paquette William Nylander 60 1 2 2
2 Frederick Gaudreau Andy Andreoff 40 1 2 2
4 vs 4 Defense
Defense Defense Time % Phy DF OF
1 Christopher Tanev Andrew O'Brien 60 1 2 2
2 Dakota Mermis Danny Biega 40 1 2 2
Last Minutes Offensive
Center Left Wing Right Wing Defense Defense
Cedric Paquette William Nylander Josh Jooris Christopher Tanev Andrew O'Brien
Last Minutes Defensive
Center Left Wing Right Wing Defense Defense
Cedric Paquette Andy Andreoff Josh Jooris Christopher Tanev Andrew O'Brien
Goaltenders
Starting : Connor Hellebyuk
Backup : Anthony Stolarz
Extra Forwards
Normal : Cedric Paquette, Frederick Gaudreau, Iven Barbashev - PP : Cedric Paquette, Frederick Gaudreau - PK : Cedric Paquette
Extra Defensemen
Normal : Danny Biega, Gavin Bayreuther, John Marino - PP : Danny Biega - PK : Danny Biega, Gavin Bayreuther
Penalty Shots
Josh Jooris, Andy Andreoff, Vince Hinostroza, William Nylander, Cedric Paquette
Scratches
Brett Pollock (Healthy), Curtis Hamilton (Healthy), Josh Ho-Sang (Healthy), Matthew Finn (Healthy), Max Gortz (Healthy)
Raphael Bussieres (Healthy), Sam Kurker (Healthy), Steven Spinner (Healthy), German Rubtsov (Healthy)
% Time on Ice - Condors
Lines # - Real PCT - Wanted PCT - Time Play
Normal Forward
1 - 32% - 40% - 13:42
2 - 27% - 30% - 11:43
3 - 26% - 20% - 11:12
4 - 15% - 10% - 6:24
Normal Defense
1 - 40% - 40% - 17:13
2 - 33% - 30% - 13:59
3 - 19% - 20% - 8:23
4 - 8% - 10% - 3:26
PP Forward
1 - 53% - 60% - 2:42
2 - 47% - 40% - 2:23
PP Defense
1 - 60% - 60% - 3:04
2 - 40% - 40% - 2:01
PK Forward
1 - 76% - 60% - 7:59
2 - 24% - 40% - 2:28
PK Defense
1 - 59% - 60% - 6:13
2 - 41% - 40% - 4:14
PK3 Forward
1 - 0% - 60%
2 - 0% - 40%
PK3 Defense
1 - 0% - 60%
2 - 0% - 40%
44 Forward
1 - 83% - 60% - 1:12
2 - 17% - 40% - 0:15
44 Defense
1 - 63% - 60% - 0:55
2 - 37% - 40% - 0:32
Last Minute Offensive - 0:00
Last Minute Defensive - 0:00
Total
Forward - 60:00
Defense - 60:00
|
% Time on Ice - Penguins
Lines # - Real PCT - Wanted PCT - Time Play
Normal Forward
1 - 32% - 40% - 13:45
2 - 24% - 30% - 10:30
3 - 28% - 20% - 11:55
4 - 16% - 10% - 6:51
Normal Defense
1 - 37% - 40% - 16:04
2 - 34% - 30% - 14:28
3 - 27% - 20% - 11:39
4 - 2% - 10% - 0:50
PP Forward
1 - 56% - 60% - 5:51
2 - 44% - 40% - 4:36
PP Defense
1 - 64% - 60% - 6:41
2 - 36% - 40% - 3:46
PK Forward
1 - 78% - 60% - 3:58
2 - 22% - 40% - 1:07
PK Defense
1 - 59% - 60% - 3:01
2 - 41% - 40% - 2:04
PK3 Forward
1 - 0% - 60%
2 - 0% - 40%
PK3 Defense
1 - 0% - 60%
2 - 0% - 40%
44 Forward
1 - 84% - 60% - 1:13
2 - 16% - 40% - 0:14
44 Defense
1 - 75% - 60% - 1:05
2 - 25% - 40% - 0:22
Last Minute Offensive - 0:00
Last Minute Defensive - 0:00
Total
Forward - 60:00
Defense - 60:00
|
Play-by-Play
1st period
0:01 of 1st period - Mark Jankowski wins face-off versus Cedric Paquette in neutral zone.
0:10 of 1st period - Wrist shot by Josh Jooris.
0:10 of 1st period - Shot Hit the Post.
0:26 of 1st period - Christopher Tanev is hit by Tyler Bozak and loses puck.
1:27 of 1st period - Robby Fabbri is hit by Cedric Paquette.
1:46 of 1st period - Icing by Cedric Paquette.
1:47 of 1st period - Frederick Gaudreau wins face-off versus Tyler Bozak in Penguins zone.
1:52 of 1st period - Anton Slepyshev is hit by Vince Hinostroza and loses puck.
2:03 of 1st period - Snap shot by Vince Hinostroza.
2:03 of 1st period - Stopped by Carter Hart without a rebound.
2:04 of 1st period - Mark Jankowski wins face-off versus Cedric Paquette in Condors zone.
2:09 of 1st period - Slapshot by Mark Jankowski.
2:09 of 1st period - Shot Misses the Net.
2:11 of 1st period - Wrist shot by Daniel Zaar.
2:11 of 1st period - Stopped by Connor Hellebyuk without a rebound.
2:12 of 1st period - Mark Jankowski wins face-off versus Cedric Paquette in Penguins zone.
2:15 of 1st period - Wrist shot by Daniel Zaar.
2:15 of 1st period - Deflect By Robby Fabbri.
2:15 of 1st period - Stopped by Connor Hellebyuk without a rebound.
2:16 of 1st period - Louis Leblanc wins face-off versus Adam Brooks in Penguins zone.
2:21 of 1st period - Wrist shot by Adam Erne.
2:21 of 1st period - Shot Misses the Net.
2:27 of 1st period - Slapshot by Kyle Connor.
2:27 of 1st period - Shot Blocked by Carl Gunnarsson.
2:41 of 1st period - Mark Jankowski is hit by Josh Jooris.
3:05 of 1st period - Snap shot by Vince Hinostroza.
3:05 of 1st period - Stopped by Carter Hart with a rebound.
3:07 of 1st period - Slapshot by Vince Hinostroza.
3:07 of 1st period - Stopped by Carter Hart with a rebound.
3:09 of 1st period - Wrist shot by Frederick Gaudreau.
3:09 of 1st period - Stopped by Carter Hart with a rebound.
3:11 of 1st period - Slapshot by Vince Hinostroza.
3:11 of 1st period - Deflect By Andy Andreoff.
3:11 of 1st period - Shot Misses the Net.
3:11 of 1st period - Puck is out of play.
3:12 of 1st period - Cedric Paquette wins face-off versus Mark Jankowski in Condors zone.
3:37 of 1st period - Andy Andreoff is hit by Kiefer Sherwood and loses puck.
3:44 of 1st period - Wrist shot by Christian Thomas.
3:44 of 1st period - Stopped by Connor Hellebyuk with a rebound.
5:04 of 1st period - Off-side.
5:05 of 1st period - Frederick Gaudreau wins face-off versus Christian Thomas in neutral zone.
5:10 of 1st period - Carl Gunnarsson is hit by Andy Andreoff.
5:40 of 1st period - Slapshot by Kyle Connor.
5:40 of 1st period - Shot Misses the Net.
6:25 of 1st period - Wrist shot by Vince Hinostroza.
6:25 of 1st period - Shot Misses the Net.
7:06 of 1st period - Iven Barbashev is hit by Tyler Bozak.
7:23 of 1st period - Danny Biega is hit by Gustav Olofsson and loses puck.
7:44 of 1st period - Snap shot by Vince Hinostroza.
7:44 of 1st period - Shot Blocked by Chris Bigras.
8:07 of 1st period - Adam Erne is hit by Cedric Paquette and loses puck.
8:12 of 1st period - Snap shot by Josh Jooris.
8:12 of 1st period - Stopped by Carter Hart with a rebound.
8:26 of 1st period - Snap shot by Tyler Bozak.
8:26 of 1st period - Shot Misses the Net.
8:54 of 1st period - Slapshot by Mark Jankowski.
8:54 of 1st period - Deflect By Daniel Zaar.
8:54 of 1st period - Shot Blocked by Juuso Ikonen.
8:54 of 1st period - Puck is out of play.
8:55 of 1st period - Cedric Paquette wins face-off versus Tyler Bozak in Penguins zone.
9:04 of 1st period - Snap shot by Tyler Bozak.
9:04 of 1st period - Shot Blocked by Andrew O'Brien.
9:06 of 1st period - Snap shot by Tyler Bozak.
9:06 of 1st period - Shot Misses the Net.
9:08 of 1st period - Snap shot by Tyler Bozak.
9:08 of 1st period - Shot Misses the Net.
9:10 of 1st period - Slapshot by Carl Gunnarsson.
9:10 of 1st period - Stopped by Connor Hellebyuk without a rebound.
9:11 of 1st period - Mark Jankowski wins face-off versus Frederick Gaudreau in Penguins zone.
9:12 of 1st period - Wrist shot by Robby Fabbri.
9:12 of 1st period - Shot Misses the Net.
9:50 of 1st period - Anton Slepyshev is hit by Cedric Paquette and loses puck.
10:32 of 1st period - Snap shot by Frederick Gaudreau.
10:32 of 1st period - Shot Misses the Net.
10:34 of 1st period - Snap shot by Andy Andreoff.
10:34 of 1st period - Stopped by Carter Hart with a rebound.
10:55 of 1st period - Wrist shot by Christian Thomas.
10:55 of 1st period - Goal by Christian Thomas - Condors : 1 - Penguins : 0.
10:56 of 1st period - Cedric Paquette wins face-off versus Mark Jankowski in neutral zone.
11:03 of 1st period - Snap shot by Robby Fabbri.
11:03 of 1st period - Shot Misses the Net.
11:20 of 1st period - Minor Penalty to Andy Andreoff for Charging.
11:21 of 1st period - Cedric Paquette wins face-off versus Tyler Bozak in Penguins zone.
11:29 of 1st period - Backhand shot by Tyler Bozak.
11:29 of 1st period - Stopped by Connor Hellebyuk with a rebound.
11:31 of 1st period - Wrist shot by Daniel Zaar.
11:31 of 1st period - Stopped by Connor Hellebyuk without a rebound.
11:32 of 1st period - Cedric Paquette wins face-off versus Tyler Bozak in Penguins zone.
12:04 of 1st period - Snap shot by Mark Jankowski.
12:04 of 1st period - Shot Blocked by Cedric Paquette.
12:06 of 1st period - Snap shot by Mark Jankowski.
12:06 of 1st period - Shot Misses the Net.
12:08 of 1st period - Snap shot by Robby Fabbri.
12:08 of 1st period - Shot Misses the Net.
12:10 of 1st period - Wrist shot by Mark Jankowski.
12:10 of 1st period - Stopped by Connor Hellebyuk with a rebound.
13:20 of 1st period - Penalty to Andy Andreoff is over, Andy Andreoff is back on ice.
13:26 of 1st period - Wrist shot by Andy Andreoff.
13:26 of 1st period - Stopped by Carter Hart without a rebound.
13:27 of 1st period - Connor Hurley wins face-off versus Frederick Gaudreau in Condors zone.
13:27 of 1st period - Connor Hurley is hit by Vince Hinostroza.
14:19 of 1st period - William Nylander is hit by Daniel Zaar and loses puck.
14:47 of 1st period - Icing by John Marino.
14:48 of 1st period - Frederick Gaudreau wins face-off versus Connor Hurley in Penguins zone.
15:17 of 1st period - Robby Fabbri is hit by Cedric Paquette and loses puck.
15:22 of 1st period - Snap shot by Josh Jooris.
15:22 of 1st period - Shot Misses the Net.
15:40 of 1st period - Wrist shot by Juuso Ikonen.
15:40 of 1st period - Deflect By Denis Malgin.
15:40 of 1st period - Shot Blocked by Zac Leslie.
15:40 of 1st period - Puck is out of play.
15:41 of 1st period - Tyler Bozak wins face-off versus Denis Malgin in Condors zone.
16:02 of 1st period - Minor Penalty to Jesse Puljujarvi for Roughing.
16:03 of 1st period - Tyler Bozak wins face-off versus Cedric Paquette in Condors zone.
16:03 of 1st period - Tyler Bozak is hit by Cedric Paquette.
16:49 of 1st period - Snap shot by Vince Hinostroza.
16:49 of 1st period - Shot Misses the Net.
18:02 of 1st period - Penalty to Jesse Puljujarvi is over, Jesse Puljujarvi is back on ice.
18:35 of 1st period - Snap shot by Anthony Beauvillier.
18:35 of 1st period - Stopped by Carter Hart without a rebound.
18:36 of 1st period - Juuso Ikonen wins face-off versus Mark Jankowski in Condors zone.
18:37 of 1st period - Snap shot by Denis Malgin.
18:37 of 1st period - Stopped by Carter Hart with a rebound.
18:39 of 1st period - Slapshot by Danny Biega.
18:39 of 1st period - Stopped by Carter Hart with a rebound.
19:20 of 1st period - Minor Penalty to Jesse Puljujarvi for Cross-checking.
19:21 of 1st period - Tyler Bozak wins face-off versus Cedric Paquette in Condors zone.
19:52 of 1st period - Minor Penalty to Frederick Gaudreau for Roughing.
19:53 of 1st period - William Nylander wins face-off versus Tyler Bozak in Penguins zone.
Goals for this period are 1 for Condors vs 0 for Penguins.
Shots for this period are 8 for Condors vs 10 for Penguins.
2nd period
0:01 of 2nd period - Cedric Paquette wins face-off versus Tyler Bozak in neutral zone.
0:09 of 2nd period - Wrist shot by William Nylander.
0:09 of 2nd period - Shot Misses the Net.
0:11 of 2nd period - Wrist shot by William Nylander.
0:11 of 2nd period - Goal by William Nylander - Condors : 1 - Penguins : 1.
0:12 of 2nd period - Tyler Bozak wins face-off versus Cedric Paquette in neutral zone.
1:02 of 2nd period - Backhand shot by Iven Barbashev.
1:02 of 2nd period - Stopped by Carter Hart without a rebound.
1:03 of 2nd period - Cedric Paquette wins face-off versus Tyler Bozak in Condors zone.
1:20 of 2nd period - Penalty to Jesse Puljujarvi is over, Jesse Puljujarvi is back on ice.
1:36 of 2nd period - Snap shot by Adam Erne.
1:36 of 2nd period - Stopped by Connor Hellebyuk with a rebound.
1:52 of 2nd period - Penalty to Frederick Gaudreau is over, Frederick Gaudreau is back on ice.
2:10 of 2nd period - Snap shot by Connor Hurley.
2:10 of 2nd period - Stopped by Connor Hellebyuk without a rebound.
2:11 of 2nd period - Daniel Zaar wins face-off versus Adam Brooks in Penguins zone.
3:36 of 2nd period - Slapshot by Kyle Connor.
3:36 of 2nd period - Stopped by Carter Hart without a rebound.
3:37 of 2nd period - Adam Brooks wins face-off versus Mark Jankowski in Condors zone.
3:40 of 2nd period - Slapshot by Iven Barbashev.
3:40 of 2nd period - Stopped by Carter Hart with a rebound.
3:46 of 2nd period - Snap shot by Robby Fabbri.
3:46 of 2nd period - Shot Blocked by Andrew O'Brien.
3:48 of 2nd period - Slapshot by Alexandre Carrier.
3:48 of 2nd period - Shot Misses the Net.
3:52 of 2nd period - Slapshot by Mark Jankowski.
3:52 of 2nd period - Shot Blocked by Andrew O'Brien.
4:32 of 2nd period - Backhand shot by Vince Hinostroza.
4:32 of 2nd period - Deflect By Andy Andreoff.
4:32 of 2nd period - Shot Blocked by Alexandre Carrier.
4:32 of 2nd period - Puck is out of play.
4:33 of 2nd period - Robby Fabbri wins face-off versus Cedric Paquette in Condors zone.
4:38 of 2nd period - Wrist shot by Josh Jooris.
4:38 of 2nd period - Shot Misses the Net.
4:40 of 2nd period - Wrist shot by Cedric Paquette.
4:40 of 2nd period - Shot Hit the Post.
4:44 of 2nd period - Slapshot by Josh Jooris.
4:44 of 2nd period - Stopped by Carter Hart with a rebound.
5:37 of 2nd period - Icing by Chris Bigras.
5:38 of 2nd period - Adam Brooks wins face-off versus Connor Hurley in Condors zone.
5:39 of 2nd period - Snap shot by Iven Barbashev.
5:39 of 2nd period - Stopped by Carter Hart with a rebound.
5:41 of 2nd period - Snap shot by Christopher Tanev.
5:41 of 2nd period - Stopped by Carter Hart with a rebound.
5:43 of 2nd period - Snap shot by Kyle Connor.
5:43 of 2nd period - Stopped by Carter Hart with a rebound.
5:45 of 2nd period - Slapshot by Andrew O'Brien.
5:45 of 2nd period - Stopped by Carter Hart with a rebound.
5:47 of 2nd period - Wrist shot by Iven Barbashev.
5:47 of 2nd period - Shot Misses the Net.
5:49 of 2nd period - Slapshot by Andrew O'Brien.
5:49 of 2nd period - Stopped by Carter Hart without a rebound.
5:50 of 2nd period - Cedric Paquette wins face-off versus Mark Jankowski in Condors zone.
5:55 of 2nd period - Wrist shot by Josh Jooris.
5:55 of 2nd period - Shot Misses the Net.
6:01 of 2nd period - Snap shot by Robby Fabbri.
6:01 of 2nd period - Stopped by Connor Hellebyuk with a rebound.
6:03 of 2nd period - Slapshot by Daniel Zaar.
6:03 of 2nd period - Shot Misses the Net.
6:05 of 2nd period - Slapshot by Carl Gunnarsson.
6:05 of 2nd period - Shot Misses the Net.
7:13 of 2nd period - Snap shot by Kiefer Sherwood.
7:13 of 2nd period - Goal by Kiefer Sherwood - Condors : 2 - Penguins : 1.
7:14 of 2nd period - Mark Jankowski wins face-off versus Josh Jooris in neutral zone.
7:46 of 2nd period - Slapshot by Andrew O'Brien.
7:46 of 2nd period - Stopped by Carter Hart with a rebound.
7:48 of 2nd period - Slapshot by Andrew O'Brien.
7:48 of 2nd period - Shot Misses the Net.
7:50 of 2nd period - Snap shot by Frederick Gaudreau.
7:50 of 2nd period - Stopped by Carter Hart with a rebound.
8:02 of 2nd period - Snap shot by Adam Erne.
8:02 of 2nd period - Shot Misses the Net.
8:47 of 2nd period - Dakota Mermis is hit by Zac Leslie.
8:57 of 2nd period - Wrist shot by Christian Thomas.
8:57 of 2nd period - Stopped by Connor Hellebyuk without a rebound.
8:58 of 2nd period - Mark Jankowski wins face-off versus Cedric Paquette in Penguins zone.
9:17 of 2nd period - Minor Penalty to Alexandre Carrier for Boarding.
9:18 of 2nd period - Tyler Bozak wins face-off versus Cedric Paquette in Condors zone.
9:48 of 2nd period - Zac Leslie is hit by Christopher Tanev and loses puck.
10:23 of 2nd period - Tyler Bozak is hit by Danny Biega and loses puck.
11:08 of 2nd period - Josh Jooris is hit by Chris Bigras and loses puck.
11:17 of 2nd period - Penalty to Alexandre Carrier is over, Alexandre Carrier is back on ice.
11:30 of 2nd period - Backhand shot by Christian Thomas.
11:30 of 2nd period - Shot Blocked by Christopher Tanev.
11:32 of 2nd period - Wrist shot by Christian Thomas.
11:32 of 2nd period - Stopped by Connor Hellebyuk with a rebound.
11:50 of 2nd period - Snap shot by Christian Thomas.
11:50 of 2nd period - Shot Misses the Net.
11:52 of 2nd period - Slapshot by Chris Bigras.
11:52 of 2nd period - Deflect By Connor Hurley.
11:52 of 2nd period - Shot Blocked by Christopher Tanev.
11:52 of 2nd period - Puck is out of play.
11:53 of 2nd period - Vince Hinostroza wins face-off versus Adam Erne in Penguins zone.
12:18 of 2nd period - Daniel Zaar is hit by Juuso Ikonen and loses puck.
13:14 of 2nd period - Wrist shot by Iven Barbashev.
13:14 of 2nd period - Shot Misses the Net.
13:40 of 2nd period - Slapshot by Alexandre Carrier.
13:40 of 2nd period - Shot Blocked by Kyle Connor.
13:42 of 2nd period - Slapshot by Louis Leblanc.
13:42 of 2nd period - Deflect By Adam Erne.
13:42 of 2nd period - Stopped by Connor Hellebyuk with a rebound.
13:46 of 2nd period - Wrist shot by Adam Erne.
13:46 of 2nd period - Shot Misses the Net.
13:48 of 2nd period - Wrist shot by Louis Leblanc.
13:48 of 2nd period - Condors goal is going for a video replay.
13:48 of 2nd period - The goal is refused. The referee deems the play has been stopped, even if he had not physically had the opportunity to stop play by blowing his whistle..
13:49 of 2nd period - Cedric Paquette wins face-off versus Mark Jankowski in Penguins zone.
13:49 of 2nd period - Cedric Paquette is hit by Daniel Zaar.
13:57 of 2nd period - Slapshot by Christopher Tanev.
13:57 of 2nd period - Shot Blocked by Robby Fabbri.
14:13 of 2nd period - Minor Penalty to Robby Fabbri for Hooking.
14:14 of 2nd period - Tyler Bozak wins face-off versus Josh Jooris in Condors zone.
14:45 of 2nd period - Snap shot by Frederick Gaudreau.
14:45 of 2nd period - Shot Misses the Net.
14:47 of 2nd period - Snap shot by Andy Andreoff.
14:47 of 2nd period - Stopped by Carter Hart with a rebound.
16:13 of 2nd period - Penalty to Robby Fabbri is over, Robby Fabbri is back on ice.
16:29 of 2nd period - Snap shot by Daniel Zaar.
16:29 of 2nd period - Stopped by Connor Hellebyuk with a rebound.
16:45 of 2nd period - Wrist shot by Adam Erne.
16:45 of 2nd period - Stopped by Connor Hellebyuk without a rebound.
16:46 of 2nd period - Louis Leblanc wins face-off versus Denis Malgin in Penguins zone.
16:53 of 2nd period - Wrist shot by Louis Leblanc.
16:53 of 2nd period - Stopped by Connor Hellebyuk without a rebound.
16:54 of 2nd period - Mark Jankowski wins face-off versus Cedric Paquette in Penguins zone.
17:21 of 2nd period - Kyle Connor is hit by Anton Slepyshev and loses puck.
17:54 of 2nd period - Slapshot by Zac Leslie.
17:54 of 2nd period - Stopped by Connor Hellebyuk without a rebound.
17:55 of 2nd period - Mark Jankowski wins face-off versus Josh Jooris in Penguins zone.
18:25 of 2nd period - Wrist shot by Iven Barbashev.
18:25 of 2nd period - Goal by Iven Barbashev - Condors : 2 - Penguins : 2.
18:26 of 2nd period - Robby Fabbri wins face-off versus Cedric Paquette in neutral zone.
19:15 of 2nd period - Minor Penalty to Iven Barbashev for High sticking.
19:16 of 2nd period - Cedric Paquette wins face-off versus Tyler Bozak in Penguins zone.
19:48 of 2nd period - Snap shot by Robby Fabbri.
19:48 of 2nd period - Shot Misses the Net.
19:50 of 2nd period - Wrist shot by Robby Fabbri.
19:50 of 2nd period - Goal by Robby Fabbri - Condors : 3 - Penguins : 2.
19:51 of 2nd period - Mark Jankowski wins face-off versus Cedric Paquette in neutral zone.
19:56 of 2nd period - Wrist shot by Daniel Zaar.
19:56 of 2nd period - Stopped by Connor Hellebyuk without a rebound.
19:57 of 2nd period - Mark Jankowski wins face-off versus Cedric Paquette in Penguins zone.
19:58 of 2nd period - Snap shot by Daniel Zaar.
19:58 of 2nd period - Shot Blocked by William Nylander.
Goals for this period are 2 for Condors vs 2 for Penguins.
Shots for this period are 14 for Condors vs 14 for Penguins.
3rd period
0:01 of 3rd period - Cedric Paquette wins face-off versus Mark Jankowski in neutral zone.
0:03 of 3rd period - Minor Penalty to Josh Jooris for Hooking.
0:04 of 3rd period - Tyler Bozak wins face-off versus Cedric Paquette in Penguins zone.
2:03 of 3rd period - Penalty to Josh Jooris is over, Josh Jooris is back on ice.
2:13 of 3rd period - Snap shot by Andrew O'Brien.
2:13 of 3rd period - Shot Misses the Net.
2:34 of 3rd period - Off-side.
2:35 of 3rd period - Josh Jooris wins face-off versus Louis Leblanc in neutral zone.
2:37 of 3rd period - Christopher Tanev is hit by Alexandre Carrier and loses puck.
2:45 of 3rd period - Wrist shot by Josh Jooris.
2:45 of 3rd period - Stopped by Carter Hart without a rebound.
2:46 of 3rd period - Frederick Gaudreau wins face-off versus Tyler Bozak in Condors zone.
2:52 of 3rd period - Minor Penalty to Anton Slepyshev for Hooking.
2:53 of 3rd period - Cedric Paquette wins face-off versus Tyler Bozak in Condors zone.
3:53 of 3rd period - Cedric Paquette is hit by Robby Fabbri and loses puck.
4:18 of 3rd period - William Nylander is hit by Connor Hurley and loses puck.
4:52 of 3rd period - Penalty to Anton Slepyshev is over, Anton Slepyshev is back on ice.
5:09 of 3rd period - Daniel Zaar is hit by Kyle Connor and loses puck.
5:30 of 3rd period - Snap shot by Iven Barbashev.
5:30 of 3rd period - Deflect By Alexandre Carrier.
5:30 of 3rd period - Stopped by Carter Hart with a rebound.
5:32 of 3rd period - Snap shot by Adam Brooks.
5:32 of 3rd period - Shot Misses the Net.
5:34 of 3rd period - Snap shot by Iven Barbashev.
5:34 of 3rd period - Shot Hit the Post.
5:36 of 3rd period - Snap shot by Kyle Connor.
5:36 of 3rd period - Stopped by Carter Hart without a rebound.
5:37 of 3rd period - Louis Leblanc wins face-off versus Anthony Beauvillier in Condors zone.
5:50 of 3rd period - Wrist shot by Louis Leblanc.
5:50 of 3rd period - Stopped by Connor Hellebyuk with a rebound.
5:52 of 3rd period - Slapshot by Zac Leslie.
5:52 of 3rd period - Shot Blocked by John Marino.
6:02 of 3rd period - Carl Gunnarsson is hit by John Marino and loses puck.
6:27 of 3rd period - Snap shot by Anton Slepyshev.
6:27 of 3rd period - Stopped by Connor Hellebyuk with a rebound.
6:55 of 3rd period - Louis Leblanc is hit by Andy Andreoff.
7:01 of 3rd period - Slapshot by Louis Leblanc.
7:01 of 3rd period - Shot Blocked by Vince Hinostroza.
7:04 of 3rd period - Icing by Gavin Bayreuther.
7:05 of 3rd period - Tyler Bozak wins face-off versus Frederick Gaudreau in Penguins zone.
7:28 of 3rd period - Slapshot by Vince Hinostroza.
7:28 of 3rd period - Stopped by Carter Hart without a rebound.
7:29 of 3rd period - Mark Jankowski wins face-off versus Cedric Paquette in Condors zone.
7:34 of 3rd period - Snap shot by Mark Jankowski.
7:34 of 3rd period - Shot Blocked by Andrew O'Brien.
7:36 of 3rd period - Slapshot by Scott Mayfield.
7:36 of 3rd period - Shot Blocked by William Nylander.
7:38 of 3rd period - Slapshot by Daniel Zaar.
7:38 of 3rd period - Stopped by Connor Hellebyuk with a rebound.
7:40 of 3rd period - Wrist shot by Robby Fabbri.
7:40 of 3rd period - Shot Blocked by William Nylander.
7:42 of 3rd period - Slapshot by Scott Mayfield.
7:42 of 3rd period - Shot Blocked by Cedric Paquette.
7:44 of 3rd period - Wrist shot by Chris Bigras.
7:44 of 3rd period - Stopped by Connor Hellebyuk with a rebound.
8:29 of 3rd period - Jesse Puljujarvi is hit by Danny Biega and loses puck.
9:03 of 3rd period - Zac Leslie is hit by Josh Jooris and loses puck.
9:14 of 3rd period - Zac Leslie is hit by William Nylander and loses puck.
9:33 of 3rd period - Wrist shot by Louis Leblanc.
9:33 of 3rd period - Stopped by Connor Hellebyuk with a rebound.
9:35 of 3rd period - Snap shot by Louis Leblanc.
9:35 of 3rd period - Shot Misses the Net.
9:37 of 3rd period - Slapshot by Alexandre Carrier.
9:37 of 3rd period - Deflect By Louis Leblanc.
9:37 of 3rd period - Stopped by Connor Hellebyuk with a rebound.
9:39 of 3rd period - Slapshot by Brett Lernout.
9:39 of 3rd period - Shot Blocked by Kyle Connor.
9:41 of 3rd period - Slapshot by Brett Lernout.
9:41 of 3rd period - Shot Blocked by Dakota Mermis.
9:53 of 3rd period - Snap shot by Andy Andreoff.
9:53 of 3rd period - Stopped by Carter Hart with a rebound.
9:55 of 3rd period - Slapshot by Danny Biega.
9:55 of 3rd period - Deflect By Tyler Bozak.
9:55 of 3rd period - Stopped by Carter Hart with a rebound.
9:57 of 3rd period - Snap shot by Andy Andreoff.
9:57 of 3rd period - Goal by Andy Andreoff - Condors : 3 - Penguins : 3.
9:58 of 3rd period - Mark Jankowski wins face-off versus Cedric Paquette in neutral zone.
10:13 of 3rd period - Snap shot by Josh Jooris.
10:13 of 3rd period - Shot Misses the Net.
10:36 of 3rd period - Tyler Bozak is hit by Frederick Gaudreau and loses puck.
10:53 of 3rd period - Snap shot by Adam Erne.
10:53 of 3rd period - Shot Blocked by Iven Barbashev.
10:55 of 3rd period - Snap shot by Carl Gunnarsson.
10:55 of 3rd period - Stopped by Connor Hellebyuk without a rebound.
10:56 of 3rd period - Cedric Paquette wins face-off versus Robby Fabbri in Penguins zone.
11:08 of 3rd period - Minor Penalty to Carl Gunnarsson for Interference.
11:09 of 3rd period - Anton Slepyshev wins face-off versus Cedric Paquette in Condors zone.
13:08 of 3rd period - Penalty to Carl Gunnarsson is over, Carl Gunnarsson is back on ice.
13:27 of 3rd period - Wrist shot by Scott Mayfield.
13:27 of 3rd period - Shot Misses the Net.
13:47 of 3rd period - Connor Hurley is hit by Gavin Bayreuther and loses puck.
14:08 of 3rd period - Adam Brooks is hit by Alexandre Carrier.
14:23 of 3rd period - Icing by Danny Biega.
14:24 of 3rd period - Denis Malgin wins face-off versus Tyler Bozak in Penguins zone.
14:39 of 3rd period - Anthony Beauvillier is hit by Jesse Puljujarvi and loses puck.
14:55 of 3rd period - Wrist shot by Anthony Beauvillier.
14:55 of 3rd period - Shot Blocked by Zac Leslie.
14:57 of 3rd period - Snap shot by Juuso Ikonen.
14:57 of 3rd period - Stopped by Carter Hart with a rebound.
14:59 of 3rd period - Wrist shot by Anthony Beauvillier.
14:59 of 3rd period - Shot Blocked by Zac Leslie.
15:03 of 3rd period - Snap shot by Denis Malgin.
15:03 of 3rd period - Stopped by Carter Hart without a rebound.
15:04 of 3rd period - Cedric Paquette wins face-off versus Mark Jankowski in Condors zone.
15:31 of 3rd period - Scott Mayfield is hit by Frederick Gaudreau and loses puck.
16:26 of 3rd period - Mark Jankowski is hit by Andy Andreoff.
16:30 of 3rd period - Gavin Bayreuther is hit by Mark Jankowski and loses puck.
17:07 of 3rd period - Off-side.
17:08 of 3rd period - Louis Leblanc wins face-off versus Adam Brooks in neutral zone.
17:35 of 3rd period - William Nylander is hit by Carl Gunnarsson.
17:36 of 3rd period - William Nylander from Penguins is injured at 17:36 of 3rd period (Right Knee).
17:37 of 3rd period - Louis Leblanc wins face-off versus Cedric Paquette in Penguins zone.
17:40 of 3rd period - Wrist shot by Louis Leblanc.
17:40 of 3rd period - Stopped by Connor Hellebyuk with a rebound.
17:42 of 3rd period - Snap shot by Zac Leslie.
17:42 of 3rd period - Shot Misses the Net.
17:44 of 3rd period - Wrist shot by Louis Leblanc.
17:44 of 3rd period - Stopped by Connor Hellebyuk with a rebound.
17:46 of 3rd period - Slapshot by Zac Leslie.
17:46 of 3rd period - Stopped by Connor Hellebyuk with a rebound.
17:48 of 3rd period - Snap shot by Adam Erne.
17:48 of 3rd period - Goal by Adam Erne - Condors : 4 - Penguins : 3.
17:49 of 3rd period - Tyson Jost wins face-off versus Cedric Paquette in neutral zone.
17:54 of 3rd period - Wrist shot by Adam Erne.
17:54 of 3rd period - Goal by Adam Erne - Condors : 5 - Penguins : 3.
17:55 of 3rd period - Louis Leblanc wins face-off versus Cedric Paquette in neutral zone.
18:02 of 3rd period - Wrist shot by Adam Erne.
18:02 of 3rd period - Stopped by Connor Hellebyuk with a rebound.
18:20 of 3rd period - Andrew O'Brien is hit by Jesse Puljujarvi.
18:30 of 3rd period - Snap shot by Tyler Bozak.
18:30 of 3rd period - Shot Misses the Net.
18:32 of 3rd period - Slapshot by Zac Leslie.
18:32 of 3rd period - Shot Blocked by Andrew O'Brien.
18:44 of 3rd period - Snap shot by Vince Hinostroza.
18:44 of 3rd period - Stopped by Carter Hart with a rebound.
18:46 of 3rd period - Wrist shot by Frederick Gaudreau.
18:46 of 3rd period - Shot Misses the Net.
18:48 of 3rd period - Slapshot by Vince Hinostroza.
18:48 of 3rd period - Stopped by Carter Hart without a rebound.
18:49 of 3rd period - Louis Leblanc wins face-off versus Josh Jooris in Condors zone.
19:18 of 3rd period - Josh Jooris is hit by Anton Slepyshev and loses puck.
19:23 of 3rd period - Snap shot by Tyler Bozak.
19:23 of 3rd period - Shot Misses the Net.
19:25 of 3rd period - Slapshot by Tyler Bozak.
19:25 of 3rd period - Stopped by Connor Hellebyuk without a rebound.
19:26 of 3rd period - Tyler Bozak wins face-off versus Cedric Paquette in Penguins zone.
Goals for this period are 2 for Condors vs 1 for Penguins.
Shots for this period are 14 for Condors vs 11 for Penguins.